[Event "Prague Open 2025"]
[Site "Prague"]
[Date "2025.01.14"]
[Round "6.14"]
[White "Filindash, Nikita"]
[Black "Mueer, Sebastian"]
[Result "1/2-1/2"]
[Annotator "TA"]
[ECO "A40"]
[WhiteElo "2072"]
[BlackElo "2192"]
[PlyCount "80"]
[EventDate "2025.01.07"]
[EventType "swiss"]
[EventCountry "CZE"]
[SourceTitle "playchess.com"]
[Source "ChessBase"]
[SourceQuality "1"]
[TimeControl "40/5400+30:1800+30"]

1. d4 e6 2. c4 b6 3. Nc3 Bb4 4. Qc2 Bb7 5. Nf3 Nf6 6. Bg5 h6 7. Bh4 g5 8. Bg3 Ne4 9. Nd2 Bxc3 10. bxc3 f5 11. e3 d6 12. f3 Nxg3 13. hxg3 Qf6 14. Bd3 Nd7 15. O-O-O O-O-O 16. Kb1 Kb8 17. Rde1 h5 18. Rh2 h4 19. e4 f4 20. g4 e5 21. Qb2 Rh6 22. Rh3 Nf8 23. Ka1 Ne6 24. Nb3 Qg7 25. Rb1 Rh7 26. a3 Qd7 27. Ka2 (27. d5 $15 Nc5 28. Nxc5 dxc5 29. Bc2) 27... Qa4 ({Better is} 27... Rdh8 $17) 28. d5 $11 Nc5 $1 29. Nxc5 dxc5 30. Qb5 Qxb5 31. cxb5 c6 32. c4 cxb5 33. cxb5 {[%emt 0:01:50] [#]} c4 34. Bxc4 $16 Rc8 35. Rb4 Rc5 36. Rh1 Kc7 37. Kb3 Kd6 38. Kb2 Bc8 39. Kb3 (39. a4 $16) 39... Bd7 (39... Bb7 $1 $11 {keeps the balance.}) 40. a4 Rc8 1/2-1/2

[Event "Prague Open 2025"]
[Site "Prague"]
[Date "2025.01.14"]
[Round "6.15"]
[White "Fizer, Marek"]
[Black "Taborsky, Rostislav"]
[Result "1/2-1/2"]
[Annotator "TA"]
[ECO "C02"]
[WhiteElo "2155"]
[BlackElo "2069"]
[PlyCount "42"]
[EventDate "2025.01.07"]
[EventType "swiss"]
[EventCountry "CZE"]
[SourceTitle "playchess.com"]
[Source "ChessBase"]
[SourceQuality "1"]
[TimeControl "40/5400+30:1800+30"]

1. e4 e6 2. d4 d5 3. e5 c5 4. c3 Nc6 5. Nf3 Qb6 6. Bd3 cxd4 7. O-O Bd7 8. Re1 Rc8 9. Nbd2 Nge7 10. h4 (10. cxd4 {is more complex.} Nxd4 11. Nxd4 Qxd4 12. Nf3) 10... a6 11. Nb3 dxc3 12. bxc3 Na5 13. Be3 Qc7 14. Nc5 (14. Nxa5 $15 Qxa5 15. Qb1) 14... Nf5 $17 15. Bxf5 {[%emt 0:17:19] Strongly threatening Nxd7.} Bxc5 16. Bc2 (16. Bd3 $142) 16... Bxe3 17. Rxe3 Nc4 18. Re2 Na3 19. Re3 Nc4 20. Re2 $1 Na3 21. Re3 $1 Nc4 (21... Qd8 $17 22. Bd3 Nc4 (22... Rxc3 23. Bxh7 Rxe3 24. fxe3 $19) 23. Bxc4 Rxc4) 1/2-1/2

[Event "Prague Open 2025"]
[Site "Prague"]
[Date "2025.01.14"]
[Round "6.16"]
[White "Wilks, Simon"]
[Black "Adrian, Claude"]
[Result "1-0"]
[Annotator "TA"]
[ECO "C18"]
[WhiteElo "2069"]
[BlackElo "2151"]
[PlyCount "73"]
[EventDate "2025.01.07"]
[EventType "swiss"]
[EventCountry "CZE"]
[SourceTitle "playchess.com"]
[Source "ChessBase"]
[SourceQuality "1"]
[TimeControl "40/5400+30:1800+30"]

1. e4 e6 2. d4 d5 3. Nc3 Bb4 4. e5 c5 5. a3 Bxc3+ 6. bxc3 Qa5 7. Bd2 Qa4 8. Qb1 c4 9. h4 Nc6 10. h5 h6 11. Nf3 Bd7 12. Be2 (12. Qxb7 Rb8 13. Qc7 Nge7 $19) 12... O-O-O 13. Nh4 Nge7 14. g4 g5 15. Ng2 (15. hxg6 $14 fxg6 16. Ng2) 15... Rdf8 ({Black should try} 15... f6 $15) 16. Qc1 ({White should play} 16. f4 $11 gxf4 17. O-O (17. Bxf4 Qa5 $15) (17. Nxf4 f5 $14)) 16... f5 17. exf6 Rxf6 (17... Ng8 $1 $15) 18. f4 $11 gxf4 19. Bxf4 Qa5 20. Qe3 (20. Qd2 $11) 20... Rhf8 $2 {[%emt 0:14:20] [#]} (20... e5 $1 $15 {stays ahead.} 21. dxe5 (21. Bxe5 $2 Nxe5 22. dxe5 d4 $17) 21... d4) 21. O-O $1 $36 {[%emt 0:04:21][%mdl 2048] Keeping Black busy.} (21. Bxh6 $2 {is the wrong capture.} Rxh6 22. O-O-O Qxa3+ 23. Kd2 Rhh8 $19) 21... Ng8 22. g5 hxg5 23. Bxg5 Rxf1+ 24. Rxf1 Rxf1+ (24... Qxa3 $16 25. h6 Rxf1+ 26. Bxf1 Nxh6) 25. Bxf1 Qxa3 26. Qf4 {[%emt 0:01:24] Against Qf8} (26. h6 Nxh6 27. Bxh6 b6 $18) 26... a5 $2 (26... Be8) 27. Qf7 $18 (27. h6 Nxh6 28. Bxh6 Qxc3 $11) 27... Qxc3 28. Qxg8+ Kc7 29. Bf4+ Kb6 30. h6 a4 31. h7 a3 32. h8=Q {[%emt 0:00:31] Hoping for Qf8.} ({Weaker is} 32. h8=R a2 $18) 32... a2 33. Qf8 Qb4 {[%emt 0:04:05] Dodges Qc5+} 34. Qxb4+ Nxb4 35. Qf8 {[%emt 0:00:24] Qc5+ would kill now.} Nxc2 36. Qc5+ Ka6 37. Bc7 1-0

[Event "Prague Open 2025"]
[Site "Prague"]
[Date "2025.01.14"]
[Round "6.17"]
[White "Tyomkyn, Mikhail"]
[Black "Skodras, Marios Konstantinos"]
[Result "1/2-1/2"]
[Annotator "TA"]
[ECO "A45"]
[WhiteElo "2143"]
[BlackElo "2013"]
[PlyCount "66"]
[EventDate "2025.01.07"]
[EventType "swiss"]
[EventCountry "CZE"]
[SourceTitle "playchess.com"]
[Source "ChessBase"]
[SourceQuality "1"]
[TimeControl "40/5400+30:1800+30"]

1. d4 Nf6 2. Bg5 h6 3. Bxf6 exf6 4. c4 Bb4+ 5. Nc3 O-O 6. Qb3 Nc6 7. e3 Qe7 8. Nge2 ({White should play} 8. Nf3 $14) 8... Na5 $15 9. Qc2 Nxc4 10. a3 Bxc3+ $1 11. Nxc3 Nb6 12. a4 {[%emt 0:02:23] Strongly threatening a5.} a5 13. Nb5 c6 14. Qc5 $1 Nd5 {[%emt 0:12:30] aiming for ...Qxc5.} 15. Bc4 (15. Qxe7 $1 $15 Nxe7 16. Nd6) 15... b6 16. Qxe7 Nxe7 17. Nd6 Ba6 18. b3 Nc8 19. Nxc8 Rfxc8 20. Kd2 d5 21. Bxa6 Rxa6 $17 {[%emt 0:00:01][%mdl 4096] Endgame KRR-KRR. Black is a pawn up.} 22. Rhc1 Kf8 23. g4 Ra7 24. Rc3 Ke7 25. e4 Rd7 26. Re1 dxe4 27. Rxe4+ Kd6 28. f3 Rdc7 29. Rce3 Rb8 ({Black should try} 29... h5 $17 30. gxh5 Rh8) 30. Re8 $11 Rcb7 31. R3e7 $1 Rxe7 32. Rxb8 Kc7 33. Rg8 g6 1/2-1/2

[Event "Prague Open 2025"]
[Site "Prague"]
[Date "2025.01.14"]
[Round "6.18"]
[White "Rindhiya V"]
[Black "Sindler, Michal"]
[Result "1/2-1/2"]
[Annotator "TA"]
[ECO "B67"]
[WhiteElo "1999"]
[BlackElo "2136"]
[PlyCount "81"]
[EventDate "2025.01.07"]
[EventType "swiss"]
[EventCountry "CZE"]
[SourceTitle "playchess.com"]
[Source "ChessBase"]
[SourceQuality "1"]
[TimeControl "40/5400+30:1800+30"]

1. e4 c5 2. Nf3 d6 3. d4 cxd4 4. Nxd4 Nf6 5. Nc3 Nc6 6. Bg5 e6 7. Qd2 a6 8. O-O-O Bd7 9. f4 b5 10. Kb1 b4 (10... Be7 $11 {was preferable.}) 11. Nxc6 (11. Bxf6 $14 Qxf6 12. Nce2) 11... Bxc6 $11 12. Bxf6 gxf6 13. Ne2 Qa5 (13... Bxe4 $14 14. Ng3 (14. Qxb4 d5 $14) 14... Bc6) 14. Ng3 ({White should try} 14. f5 $1 $16) 14... Qc5 15. f5 (15. Be2 $14) 15... h5 16. h4 Ke7 17. Qe2 Bh6 18. Qf3 (18. Nxh5 $11 Qe5 19. Qf2) 18... Qe3 (18... a5 $1 $17 19. Bd3 a4) 19. fxe6 $15 (19. Nxh5 Bxe4 (19... Qxe4 20. Qxe4 Bxe4 21. Rd4 $15) 20. Qxe3 Bxe3 $17) 19... fxe6 (19... Qxf3 {simplifies} 20. gxf3 fxe6 21. Bc4 a5) 20. Nxh5 Qxf3 (20... f5 {is more complex.} 21. Bc4 Qxf3 22. gxf3 Raf8) 21. gxf3 {[%emt 0:00:01] [#]} Rag8 $1 {[%emt 0:04:25] Wards off Ng3} 22. Rh3 {[%emt 0:00:40] [#]} (22. Bxa6 $2 Be8 23. Nxf6 Kxf6 24. Rxd6 Bf4 $19) (22. Bh3 $15) 22... Be3 ({Black should try} 22... Rg1 $1 $19 {And now ...Rhg8 would win.} 23. Rg3 Rh1) 23. Ng3 $11 {[%emt 0:00:06] White is weak on the dark squares} Bf2 {[%emt 0:01:00][%mdl 1024] Black has compensation. A strong pair of Bishops.} 24. Ne2 a5 25. h5 e5 {[%emt 0:03:22] Prevents Nf4.} 26. c3 Rg5 27. cxb4 axb4 28. Nc1 Rhxh5 29. Rxh5 Rxh5 30. Nd3 Bc5 31. Rc1 Rh1 32. Be2 Rxc1+ 33. Kxc1 {[%emt 0:00:03][%mdl 4096] Endgame KBB-KBN} f5 34. exf5 Kf6 35. Nxc5 dxc5 {[%emt 0:00:06] KB-KB. White is a pawn up.} 36. Kd2 Bd5 37. a4 {[%emt 0:00:30] Threatens to win with a5.} bxa3 38. bxa3 Kxf5 39. Ke3 c4 40. a4 Ke6 41. f4 1/2-1/2

[Event "Prague Open 2025"]
[Site "Prague"]
[Date "2025.01.14"]
[Round "6.19"]
[White "Kisiel, Wiktor"]
[Black "Felix, Raphael"]
[Result "0-1"]
[Annotator "TA"]
[ECO "B90"]
[WhiteElo "1871"]
[BlackElo "2127"]
[PlyCount "94"]
[EventDate "2025.01.07"]
[EventType "swiss"]
[EventCountry "CZE"]
[SourceTitle "playchess.com"]
[Source "ChessBase"]
[SourceQuality "1"]
[TimeControl "40/5400+30:1800+30"]

1. e4 c5 2. Nf3 d6 3. d4 cxd4 4. Nxd4 Nf6 5. Nc3 a6 6. h3 b5 7. g4 Bb7 8. Bg2 e6 9. a3 h6 10. O-O Qc7 11. Be3 Nbd7 12. Qd2 Nc5 13. f3 Rc8 14. Nce2 (14. Rad1 $11) 14... Ncd7 $17 15. Rac1 d5 16. exd5 Nxd5 17. f4 (17. Nf4 $17) 17... N7b6 $19 18. Nc3 Nxc3 19. bxc3 Nc4 20. Qe2 Bxg2 21. Kxg2 Nxe3+ ({Don't do} 21... Nxa3 22. f5 e5 (22... Qxc3 23. fxe6 fxe6 24. Qf3 $16) 23. f6 $19) 22. Qxe3 Qxc3 23. Qxc3 Rxc3 24. Rf3 Rc4 25. Rd3 Be7 26. Kf3 O-O 27. c3 Rfc8 28. Ne2 Bxa3 29. Ra1 Bb2 30. Rxa6 Bxc3 31. Nxc3 Rxc3 32. Rxc3 Rxc3+ {[%emt 0:00:03][%mdl 4096] Endgame KR-KR. Black is two pawns up.} 33. Kg2 b4 34. Rb6 b3 {[%emt 0:00:02] And now ...g5 would win.} 35. Rb5 (35. h4 $142) 35... Kf8 36. f5 exf5 37. Rxf5 (37. gxf5 $142 Ke7 38. Rb7+ Kd6 (38... Kf6 $2 39. Kh2 $19) 39. f6 gxf6 40. Rxf7) 37... Ke7 (37... Rc2+ $2 38. Kf3 $19) 38. Rb5 Ke6 39. Rb7 Rc2+ 40. Kg3 $2 (40. Kf3 Rc3+ 41. Kg2) 40... b2 41. Rb5 Kd6 42. h4 Kc6 43. Rb8 Kd5 {[%emt 0:00:23] ( -> ...Kd4)} 44. Rb7 Kd4 {[%emt 0:00:06] ( -> ...Kc3)} 45. g5 hxg5 46. hxg5 Kc3 47. Rc7+ Kd2 0-1

[Event "Prague Open 2025"]
[Site "Prague"]
[Date "2025.01.14"]
[Round "6.20"]
[White "O`cuilleanain, Oisin"]
[Black "Topencik, Bruno"]
[Result "0-1"]
[Annotator "RC"]
[ECO "B11"]
[WhiteElo "2106"]
[BlackElo "1985"]
[PlyCount "146"]
[EventDate "2025.01.07"]
[EventType "swiss"]
[EventCountry "CZE"]
[SourceTitle "playchess.com"]
[Source "ChessBase"]
[SourceQuality "1"]
[TimeControl "40/5400+30:1800+30"]

1. e4 c6 2. Nf3 d5 3. Nc3 Bg4 4. h3 Bxf3 5. Qxf3 e6 6. d4 dxe4 7. Qxe4 Nf6 8. Qd3 Nbd7 9. Be2 Qc7 10. Be3 Bd6 11. Ne4 Nxe4 12. Qxe4 Nf6 13. Qf3 Qa5+ 14. Bd2 Qd5 15. c3 Qxf3 16. Bxf3 a5 17. O-O Ke7 18. Rfe1 Rhd8 19. g3 h6 20. a3 Bc7 21. Re2 Nd5 22. Rc1 Nf6 23. Be1 Bb6 24. Rd1 Rd7 25. Red2 Rad8 26. Kf1 Ke8 27. Bg2 Ke7 28. Ke2 Nh5 29. f4 Nf6 30. Bf2 Ke8 31. Rd3 Ra8 32. b3 Bd8 33. Kd2 Be7 34. Ra1 Kd8 35. c4 Kc7 36. Kc3 b6 37. Bf3 Ne8 38. Kb2 Bf6 39. Rad1 Rad8 40. Ka2 c5 41. d5 exd5 42. cxd5 Nd6 43. Rc1 Nb5 44. g4 Kd6 45. Bg3 Re7 46. g5 hxg5 47. fxg5+ Be5 48. Bf2 Nd4 49. Re1 Nxf3 50. Rxf3 Rde8 51. Rd1 Bd4 52. Bxd4 cxd4 53. Rxd4 Re2+ 54. Kb1 Rg2 55. Rc3 Re1+ 56. Rc1 Rxc1+ 57. Kxc1 Rxg5 58. Rf4 f6 59. h4 Rxd5 60. Kc2 Ke5 61. Rg4 g5 62. hxg5 Kf5 63. Rh4 fxg5 64. Rh6 b5 65. Ra6 b4 66. axb4 axb4 67. Ra8 g4 68. Rg8 Kf4 69. Rf8+ Kg3 70. Rg8 Kh3 71. Rh8+ Kg2 72. Rc8 g3 73. Rc4 Kf3 0-1

[Event "Prague Open 2025"]
[Site "Prague"]
[Date "2025.01.14"]
[Round "6.21"]
[White "Moser, Axel"]
[Black "Skettos, Nicolas"]
[Result "1-0"]
[Annotator "TA"]
[ECO "D25"]
[WhiteElo "2160"]
[BlackElo "1954"]
[PlyCount "185"]
[EventDate "2025.01.07"]
[EventType "swiss"]
[EventCountry "CZE"]
[SourceTitle "playchess.com"]
[Source "ChessBase"]
[SourceQuality "1"]
[TimeControl "40/5400+30:1800+30"]

1. d4 d5 2. Nf3 Nf6 3. c4 dxc4 4. e3 Bg4 5. Nbd2 e6 6. Nxc4 Nbd7 7. Be2 Be7 8. O-O O-O 9. b3 c5 10. Bb2 cxd4 11. Nxd4 Bxe2 12. Qxe2 Rc8 13. Rfd1 a6 14. Qf3 b5 (14... Rc7 $11) 15. Nc6 $16 {[%emt 0:04:49] White is more active.} Rxc6 (15... Qe8 $16) 16. Qxc6 $18 bxc4 17. Bxf6 Bxf6 18. Rxd7 (18. Qxd7 Qxd7 19. Rxd7 cxb3 $19 (19... Bxa1 $2 20. bxc4 Ra8 21. Kf1 $19)) 18... Qa5 (18... Bxa1 $142 19. Rxd8 Rxd8) 19. Rad1 c3 20. a4 h6 21. Rb7 Qh5 22. f3 (22. Rf1 $18) 22... Qe5 (22... Qf5 $16) 23. Rd3 (23. Qxa6 $2 Qxe3+ 24. Kf1 c2 $19) 23... Qa5 (23... Qf5 $142 24. Qc4 (24. Qxa6 Qc5 $17) 24... Kh7) 24. b4 Qf5 25. Qc4 g6 $2 (25... Kh7) 26. b5 (26. Qxa6 c2 27. Rc7 Rb8 $18) (26. Ra7 Rb8 $16) 26... axb5 27. Rxb5 e5 {[%emt 0:02:18] ...Rc8 is the strong threat.} 28. Rxc3 Rd8 29. Rc1 {[%emt 0:02:00] Prevents Rd1+} Kg7 (29... Qd7 $142 30. Rb3 Qa7) 30. Rb7 Bg5 31. Re1 Rd2 (31... Qf6 $142 32. a5 Rd6) 32. Re2 Rd1+ 33. Kf2 h5 34. Qe4 Qe6 35. Rc2 Qd6 $2 (35... Ra1 36. Ra7 Ra3) 36. Re2 $2 (36. Rcc7 $18) 36... Rh1 $2 (36... Qe6 $1 $11 {and Black has nothing to worry.} 37. Rb1 Rxb1) 37. Qc4 Qf6 {[%emt 0:01:23] [#]} 38. Rb4 $2 (38. Kg3 $1 $18) 38... Rxh2 $16 {[%emt 0:00:23] [#]} 39. Kg1 {[%emt 0:00:06] Inhibits Rh1+.} (39. Qc1 $1 $16) 39... Rh4 $2 (39... Bf4 $1 $14 40. g3 (40. exf4 Qh4) 40... Qg5 41. Kxh2 (41. Rxh2 Qxg3+ 42. Kf1 Qxf3+ 43. Rf2 Qd1+ 44. Kg2 Qg4+ 45. Kh1 Qh3+ 46. Kg1 Qg4+ 47. Rg2 Qd1+ 48. Kf2 Qd2+ 49. Qe2 Qxb4 $18) 41... Qxg3+ 42. Kh1 Qxf3+ 43. Kg1 Bxe3+ 44. Rxe3 Qxe3+ 45. Kf1 Qh3+ 46. Ke2 Qh2+ 47. Kd1 g5) 40. Qc3 Rxb4 41. Qxb4 $18 {[%emt 0:30:05][%mdl 4096] Endgame KQR-KQB} Qd8 42. Qb3 {[%emt 0:00:00] Repels Qd3} (42. Qb5 $18) 42... Qa5 (42... Bh4 $16) 43. Kf2 Bh4+ 44. g3 Bf6 45. Qc4 Qd8 46. Qc2 h4 47. g4 h3 $2 (47... Qa8 {might work better.} 48. Rd2 Qa7) 48. Kg3 Qh8 49. Kh2 Qa8 50. Kg3 (50. Kxh3 Qxf3+ 51. Kh2 Qxg4 $15) 50... Qh8 $1 51. a5 Bh4+ 52. Kh2 (52. Kxh3 $142 Be1+ 53. Kg2 Bxa5 54. Qc5) 52... Qa8 53. Qe4 (53. Kxh3 Qxf3+ 54. Kh2 (54. Kxh4 g5+ 55. Kh5 Qf6) 54... Qg3+ 55. Kh1 Qh3+ 56. Kg1 Qg3+ 57. Kh1 Qxg4 $11) 53... Qxa5 54. Kxh3 Qa1 55. f4 (55. Kxh4 Qh1+ 56. Kg3 Qg1+ 57. Rg2 Qe1+ 58. Rf2 (58. Kh3 Qh1+ 59. Kg3 Qe1+ 60. Rf2 Qg1+ 61. Rg2 Qe1+ $11) 58... Qg1+ 59. Kh3 (59. Rg2 Qe1+ 60. Rf2 Qg1+ 61. Rg2 $11) 59... Qxf2 $11) 55... Qf1+ (55... Qd1 $16 56. Kxh4 (56. Qxe5+ $2 {perishes.} Bf6 $19) 56... Qxe2 57. Qxe5+ Kg8) 56. Qg2 $1 ({Less strong is} 56. Kxh4 Qxe2 57. Qxe5+ Kh7 $14) 56... Qxg2+ 57. Kxg2 {[%emt 0:00:00] and g5 would now be decisive} exf4 58. exf4 {[%emt 0:00:00] KR-KB} Bf6 59. Kf3 Bd4 60. Ke4 Bc3 61. Kd5 {[%emt 0:00:00] Intending Kd6 and mate.} Kf6 $2 (61... Kf8 $18 62. Ke4 Bf6) 62. Kd6 Bb4+ 63. Kd7 Ba3 64. Rc2 Bb4 65. Rc6+ Kg7 66. Ke8 f5 67. g5 Bd2 68. Rc7+ Kg8 69. Rc4 Be3 70. Ke7 Kg7 71. Ke6 Bd2 72. Rd4 Bc3 73. Rd7+ Kg8 74. Rf7 Bd4 75. Rd7 Bc3 $1 76. Ke7 Kg7 77. Ke6+ Kg8 78. Rd3 Bb2 79. Rb3 Ba1 80. Kd5 Kf7 81. Kc4 Ke6 82. Rb1 Bh8 83. Rh1 (83. Rb6+ $142 Kf7 84. Rb8 Ba1 85. Rb6 Bh8) 83... Bb2 84. Rb1 $2 (84. Re1+ $18 Kf7 85. Rb1) 84... Ba3 $2 (84... Bh8 $1 $11 85. Rb3 Ba1) 85. Rb6+ (85. Kd3 $142 Bd6 86. Ke3) 85... Kf7 $2 (85... Bd6 $18 86. Kd3 Ke7) 86. Kd5 Bc1 87. Rb7+ Kg8 88. Ke6 Bxf4 89. Kf6 Bd2 90. Kxg6 Kf8 91. Kxf5 Bc3 92. Kg6 Be5 93. Kh7 1-0

[Event "Prague Open 2025"]
[Site "Prague"]
[Date "2025.01.15"]
[Round "7.1"]
[White "Harshavardhan G B"]
[Black "Lewtak, Damian"]
[Result "1/2-1/2"]
[Annotator "TA"]
[ECO "E17"]
[WhiteElo "2405"]
[BlackElo "2359"]
[PlyCount "62"]
[EventDate "2025.01.07"]
[EventType "swiss"]
[EventCountry "CZE"]
[SourceTitle "playchess.com"]
[Source "ChessBase"]
[SourceQuality "1"]
[TimeControl "40/5400+30:1800+30"]

1. d4 Nf6 2. c4 e6 3. Nf3 b6 4. g3 Bb7 5. Bg2 Be7 6. O-O O-O 7. h4 Qc8 8. Nc3 Ne4 9. Bd2 d6 10. Qc2 Nxd2 11. Qxd2 Nd7 12. e4 c5 13. d5 exd5 14. exd5 Nf6 15. Rfe1 Re8 16. Qd3 h6 (16... a6 {looks sharper.} 17. Ng5 Qd8 18. Bh3 Bc8) 17. Re2 Bf8 18. Rae1 Qd7 19. Ne4 Nxe4 20. Rxe4 Rxe4 21. Qxe4 Bc8 22. Nd2 Qf5 23. Qxf5 Bxf5 24. Kh2 Bd7 25. Bh3 {[%emt 0:01:04] Against g6} Re8 26. Rd1 f5 27. Bf1 g5 28. hxg5 hxg5 29. Nf3 g4 30. Nh4 Be7 31. Ng6 {[%emt 0:05:20] Prevents Bxh4} Bf6 1/2-1/2

[Event "Prague Open 2025"]
[Site "Prague"]
[Date "2025.01.15"]
[Round "7.2"]
[White "Jain Kashish Manoj"]
[Black "Senthil Maran K"]
[Result "1-0"]
[Annotator "TA"]
[ECO "B27"]
[WhiteElo "2363"]
[BlackElo "2398"]
[PlyCount "95"]
[EventDate "2025.01.07"]
[EventType "swiss"]
[EventCountry "CZE"]
[SourceTitle "playchess.com"]
[Source "ChessBase"]
[SourceQuality "1"]
[TimeControl "40/5400+30:1800+30"]

1. e4 c5 2. Nf3 g6 3. c3 d5 4. exd5 Qxd5 5. d4 Bg7 6. Na3 cxd4 7. Nb5 Na6 {[%emt 0:01:09] Inhibits Nc7+.} 8. Nbxd4 Nf6 9. Bb5+ Bd7 10. Bxa6 bxa6 11. O-O O-O 12. Re1 e6 13. Ne5 Qb7 14. c4 Rfd8 15. Qb3 Qc7 16. Qf3 {[%emt 0:02:30] Wards off Ne4} h6 {[%emt 0:11:15] [#] Dodges Bg5} 17. Bxh6 $1 {[%emt 0:12:11] White is much more active.} Bxh6 18. Qxf6 Be8 19. Ndf3 Bg7 {[%emt 0:08:55] Against Ng4} 20. Qh4 Rd6 (20... f6 $16) 21. Ng4 $18 {[%emt 0:04:25] Strongly threatening Ng5. Excellent horsemanship.} Qd8 22. Ng5 Rb8 $2 (22... Rc8 23. Qh7+ Kf8) 23. Nh6+ Bxh6 24. Qxh6 Rd2 (24... Rc8 {might work better.} 25. b3 (25. Qh7+ Kf8 $18) 25... Rcc6) 25. Qh7+ Kf8 {[%emt 0:00:01] [#]} 26. Rxe6 $1 Rd1+ 27. Re1 Rxe1+ 28. Rxe1 Qf6 29. b3 Rd8 $2 (29... a5 30. Nf3 Rd8 31. Qh6+ Kg8) 30. Qh6+ Kg8 31. Qh7+ (31. Nh7 Qc3 32. Qc1 Qxc1 33. Nf6+ Kf8 34. Rxc1 Rd2 35. Nxe8 Kxe8 $14) 31... Kf8 32. Ne4 Qg7 33. Qxg7+ Kxg7 {[%emt 0:00:02][%mdl 4096] Endgame KRB-KRN. White is two pawns up.} 34. c5 Rd5 35. f3 Bc6 36. Kf2 a5 37. a4 Kh6 38. h4 Kg7 39. Re3 Kf8 40. g4 {[%emt 0:00:42] Dodges Rh5} f5 41. Ng5 fxg4 42. fxg4 Bd7 43. Kf3 Bc6 44. Kg3 Bd7 45. Kf4 Rd1 (45... Rxc5 $142 46. Ne6+ Bxe6) 46. Nf3 Rc1 47. Ne5 Be8 48. Kg5 1-0

[Event "Prague Open 2025"]
[Site "Prague"]
[Date "2025.01.15"]
[Round "7.3"]
[White "Kulhanek, Tomas"]
[Black "Vardanyan, Aras"]
[Result "1/2-1/2"]
[Annotator "TA"]
[ECO "B51"]
[WhiteElo "2313"]
[BlackElo "2312"]
[PlyCount "103"]
[EventDate "2025.01.07"]
[EventType "swiss"]
[EventCountry "CZE"]
[SourceTitle "playchess.com"]
[Source "ChessBase"]
[SourceQuality "1"]
[TimeControl "40/5400+30:1800+30"]

1. e4 c5 2. Nf3 d6 3. Bb5+ Nd7 4. c3 Ngf6 5. Bd3 a6 6. Bc2 b5 7. O-O Bb7 8. Re1 e6 9. d4 Be7 10. Nbd2 Qc7 11. Nf1 O-O 12. Ng3 Rfe8 13. h3 Bf8 14. Bg5 g6 15. Rc1 Bg7 16. a3 e5 17. d5 c4 18. Qd2 Nc5 19. Bh6 Qe7 20. Nh2 a5 21. Bg5 Bc8 22. Rf1 Rb8 23. Kh1 Kh8 24. f3 Rb7 25. Ng4 h5 {[%emt 0:00:44] [#]} (25... Bd7 $11 {remains equal.}) 26. Bxf6 (26. Nxh5 $1 $16 Bxg4 27. Nxg7 Kxg7 28. hxg4 (28. fxg4 Nfxe4 29. Bxe7 Nxd2 $17)) 26... Bxf6 $14 27. Qh6+ Kg8 28. Nxf6+ ({But not} 28. Nxh5 Bh8 29. Ng3 Bg7 $17) 28... Qxf6 29. Nxh5 Qh8 30. Qxh8+ Kxh8 31. Nf6 Ree7 (31... Rd8 $11) 32. f4 Kg7 33. fxe5 Rxe5 34. Ra1 Rbe7 ({Better is} 34... Nd7 $14 35. Nxd7 Bxd7) 35. Kh2 Nd7 36. Nxd7 Bxd7 37. Rfd1 (37. g4 $14) 37... f5 $11 38. exf5 Re2 39. Rf1 $1 {[%emt 0:00:42] f6+ would now be deadly.} R7e3 40. Rac1 Rd2 41. fxg6 {[%emt 0:12:22] Hoping for Rf7+.} Bxh3 42. Rf7+ Kg8 {[%emt 0:00:09] [#]} 43. Be4 Rxe4 44. Kxh3 {[%emt 0:00:12][%mdl 4096] Endgame. KRR-KRR} Re3+ 45. g3 Rxd5 46. Rcf1 (46. Kh4 $1 $14) 46... Rdd3 (46... Rg5 $11) 47. Rf8+ ({White should try} 47. Rg1 $14) 47... Kg7 {[%emt 0:00:05] The position is equal.} 48. R8f7+ Kxg6 49. R1f6+ Kg5 50. Rf5+ Kg6 51. R5f6+ Kg5 52. Rf5+ {[%emt 0:00:07] Weighted Error Value: White=0.14 (very precise) /Black=0.16 (very precise) .  Mistake:       	White=4     	Black=4      Inaccurate:     	White=4     	Black=5      OK:         	White=15    	Black=16     Best:        	White=2     	Black=3      Strong:       	White=1     	---        Brilliant:      	White=1     	---} 1/2-1/2

[Event "Prague Open 2025"]
[Site "Prague"]
[Date "2025.01.15"]
[Round "7.4"]
[White "Horak, Martin"]
[Black "Tolmacevs, Artjoms"]
[Result "1/2-1/2"]
[Annotator "TA"]
[ECO "B90"]
[WhiteElo "2357"]
[BlackElo "2252"]
[PlyCount "60"]
[EventDate "2025.01.07"]
[EventType "swiss"]
[EventCountry "CZE"]
[SourceTitle "playchess.com"]
[Source "ChessBase"]
[SourceQuality "1"]
[TimeControl "40/5400+30:1800+30"]

1. e4 c5 2. Nf3 d6 3. d4 cxd4 4. Nxd4 Nf6 5. Nc3 a6 6. Rg1 e5 7. Nb3 $1 b5 8. a4 b4 9. Nd5 Nbd7 10. Bg5 Bb7 11. Bc4 Rc8 12. Qd3 Be7 13. Bxf6 Nxf6 14. Bxa6 Bxa6 15. Qxa6 Nxd5 16. exd5 O-O (16... Rxc2 $17 17. Rc1 Rxc1+ (17... Rxb2 $2 18. Rc8 $18) 18. Nxc1 O-O) 17. O-O-O (17. Qe2 $11) 17... Qc7 $17 {[%emt 0:00:34][%csl Gc8][%cal Rc7c2][%mdl 1024] Black has strong compensation.} 18. Qd3 Ra8 (18... Qa7 19. a5 $15) 19. a5 {[%emt 0:03:44] [#]} Bg5+ (19... Rxa5 $1 $17 {aiming for ...Bg5+.} 20. Nxa5 Qxa5) 20. Kb1 $15 Rfc8 (20... Rxa5 $15 21. Nxa5 Qxa5) 21. g3 Rxa5 22. f4 (22. h4 $5 Bh6 23. Nxa5 Qxa5 24. Qb3 $17) 22... exf4 23. gxf4 Bf6 24. Nxa5 Qxa5 25. Qb3 $1 (25. Qf5 Ra8 26. Kc1 Bxb2+ (26... Qa1+ $2 27. Kd2 $19) 27. Kd2 Re8 $19) 25... Ra8 26. Kc1 Qc5 27. Kb1 Qa7 28. Kc1 $1 Qf2 29. Kb1 {[%emt 0:00:13] Wards off Ra1+} Qa7 ({Reject} 29... Qxh2 $6 30. Qxb4 Rc8 31. Rc1 $14 (31. Qxd6 $2 {is a self mate.} Qxc2+ 32. Ka2 Qxb2#)) 30. Kc1 $1 Qf2 1/2-1/2

[Event "Prague Open 2025"]
[Site "Prague"]
[Date "2025.01.15"]
[Round "7.5"]
[White "Diachek, Andrii"]
[Black "Lalic, Bogdan"]
[Result "1/2-1/2"]
[Annotator "TA"]
[ECO "C07"]
[WhiteElo "2104"]
[BlackElo "2321"]
[PlyCount "40"]
[EventDate "2025.01.07"]
[EventType "swiss"]
[EventCountry "CZE"]
[SourceTitle "playchess.com"]
[Source "ChessBase"]
[SourceQuality "1"]
[TimeControl "40/5400+30:1800+30"]

1. e4 e6 2. d4 d5 3. Nd2 c5 4. exd5 Qxd5 5. Ngf3 cxd4 6. Bc4 Qd7 7. O-O Nc6 8. Nb3 a6 9. Nbxd4 Nxd4 10. Nxd4 Qc7 {[%emt 0:00:10] Wards off Bf4} 11. Qe2 Bd6 12. h3 Ne7 {[%emt 0:00:09][%cal Bg8e7,Be7g6,Bg6e5,Be5d3][%mdl 32] Against Nf5} (12... Nf6 {seems wilder.} 13. Nf5 Bh2+ 14. Kh1 Bf4) 13. Bd3 Bd7 14. Re1 Ng6 15. Qe4 ({White should try} 15. Qh5 O-O 16. Nf3) 15... O-O $11 16. Nf3 Bc6 17. Qg4 Bxf3 18. Qxf3 Ne5 19. Qe4 Nxd3 20. Qxd3 Rfd8 1/2-1/2